 Dungeon Crawl Stone Soup version 0.26.1-11-gd32895ea62 (webtiles) character file.

Game seed: 10822062419002635615

670 H0rd4k the Insei (level 7, 0/43 HPs)
             Began as an Octopode Transmuter on July 22, 2021.
             Slain by a worker ant (4 damage)
             ... on level 4 of the Dungeon.
             The game lasted 00:03:54 (4597 turns).

H0rd4k the Insei (Octopode Transmuter)              Turns: 4597, Time: 00:03:55

Health: 0/43       AC:  1    Str:  8 (10) XL:     7   Next: 58%
Magic:  11/11      EV: 14    Int: 16 (17) God:
Gold:   280        SH:  0    Dex: 11 (12) Spells: 8/12 levels left

rFire    . . .     SeeInvis .     - Unarmed
rCold    . . .     Faith    .   (no shield)
rNeg     . . .     Spirit   .   (helmet restricted)
rPois    .         Reflect  .   (no amulet)
rElec    .         Harm     .   h - ring of wizardry
rCorr    .         Rampage  .   (no ring)
Will     .....                  (no ring)
Stlth    ++........             (no ring)
HPRegen  0.14/turn              (no ring)
MPRegen  0.12/turn              (no ring)
                                (no ring)
                                (no ring)

@: lethally poisoned (0 -> -6)
A: almost no armour, stealthy swim, amphibious, 8 rings, constrict 8, camouflage
1, gelatinous body 1
a: no special abilities


You were on level 4 of the Dungeon.
You visited 1 branch of the dungeon, and saw 5 of its levels.

You collected 280 gold pieces.

Inventory:

Armour
 d - a +0 hat
Magical Staves
 o - an uncursed staff of death {unknown}
Jewellery
 h - a ring of wizardry (left tentacle)
Scrolls
 a - 4 scrolls of remove curse {unknown}
 b - a scroll of fear {unknown}
 c - a scroll of fog {unknown}
 e - 8 scrolls of identify {unknown}
 f - 2 scrolls of enchant weapon {unknown}
 g - 2 scrolls of noise {unknown}
 i - a scroll of amnesia {unknown}
 j - a scroll of enchant armour {unknown}
 k - 3 scrolls of teleportation {unknown}
 n - a scroll of magic mapping {unknown}
Potions
 m - 4 potions of lignification


   Skills:
 + Level 1.5 Fighting
 + Level 3.2 Dodging
 - Level 0.8 Stealth
 + Level 6.0 Unarmed Combat
 * Level 3.3 Spellcasting
 * Level 3.5 Transmutations
 - Level 3.2 Poison Magic


You had 8 spell levels left.
You knew the following spells:

 Your Spells              Type           Power        Failure   Level
a - Beastly Appendage     Tmut           28%          1%          1
b - Spider Form           Tmut/Pois      6%           6%          3

Your spell library contained the following spells:

 Spells                   Type           Power        Failure   Level
 Wereblood                Tmut           14%          2%          2
 Ice Form                 Ice/Tmut       8%           32%         4
 Blade Hands              Tmut           7%           41%         5


Dungeon Overview and Level Annotations

Branches:
Dungeon (5/15)
 Temple: D:4-7

Altars:
Gozag

Annotations:
D:3 exclusion: 2 downstairs


Innate Abilities, Weirdness & Mutations

You cannot wear most types of armour.
You are very stealthy in the water. (Stealth+)
You are amphibious.
You can wear up to eight rings at the same time.
You can use your tentacles to constrict eight enemies at once.
Your skin changes colour to match your surroundings (Stealth+).
Your rubbery body absorbs attacks. (AC +1, EV +1)


Message History

The worker ant bites you.
You are more poisoned.
The worker ant poisons you!
You feel sick. The worker ant closely misses you.
There is a stone staircase leading up here.
You feel sick. The worker ant misses you. The jackal bites you.
* * * LOW HITPOINT WARNING * * *
The jackal bites you.
* * * LOW HITPOINT WARNING * * *
You climb upwards.
You feel sick.
There is a stone staircase leading down here.
You feel sick. The worker ant barely misses you.
The jackal bites you but does no damage.
You tentacle-slap the jackal but do no damage.
Your grab misses the jackal. Your squeeze misses the jackal.
You feel sick. The jackal barely misses you. The worker ant bites you.
* * * LOW HITPOINT WARNING * * *
The jackal completely misses you. The jackal closely misses you.
The worker ant bites you.
You die...

#.#.#.............#
#...#.............#
#.................#
....#.#...........#
....#.............#
..................#
...........[......#
.........[.....h..#
...)....(......B@.#
...............h..#
.............#..###
..............#.######
...<.......##.#....§.##
........<.###.#...##§§#
####.###### #....§§§§.#
#.# ###..§§§§.# ####.#
###§§PP##


You could see a worker ant and 2 jackals.

Vanquished Creatures
  Sigmund (D:2)
  Menkaure (D:3)
  2 ogres (D:4)
  Terence (D:3)
  2 worker ants (D:4)
  2 hound zombies (D:4)
  A worker ant zombie (D:4)
  2 adders
  An ooze (D:5)
  2 adder skeletons (D:4)
  An adder zombie (D:4)
  A worm (D:4)
  3 leopard geckos
  8 orcs
  A ball python (D:4)
  3 bats
  5 giant cockroaches
  5 hobgoblins
  4 jackals (D:4)
  2 quokkas (D:4)
  A ball python skeleton (D:4)
  6 frilled lizards
  A giant cockroach zombie (D:4)
  2 goblins
  4 kobolds
  A leopard gecko skeleton (D:4)
  A leopard gecko zombie (D:4)
  9 rats
73 creatures vanquished.

Notes
Turn   | Place    | Note
-------+----------+-------------------------------------------
     0 | D:1      | H0rd4k the Octopode Transmuter began the quest for the Orb.
     0 | D:1      | Reached XP level 1. HP: 13/13 MP: 3/3
   462 | D:1      | Reached XP level 2. HP: 17/18 MP: 5/5
  1400 | D:2      | Reached XP level 3. HP: 20/23 MP: 6/6
  1404 | D:2      | Learned a level 3 spell: Spider Form
  1480 | D:2      | Found an opulent altar of Gozag.
  1892 | D:2      | Noticed Sigmund
  1905 | D:2      | Killed Sigmund
  1906 | D:2      | Reached skill level 4 in Unarmed Combat
  1906 | D:2      | Reached XP level 4. HP: 28/28 MP: 4/7
  1906 | D:2      | Reached XP level 5. HP: 33/33 MP: 4/8
  2215 | D:3      | Noticed Terence
  2226 | D:3      | Killed Terence
  2429 | D:3      | Reached XP level 6. HP: 38/38 MP: 9/9
  2800 | D:4      | Reached skill level 5 in Unarmed Combat
  3003 | D:4      | Noticed Menkaure
  3246 | D:3      | Killed Menkaure
  3247 | D:3      | Reached XP level 7. HP: 8/43 MP: 11/11
  4330 | D:4      | Reached skill level 6 in Unarmed Combat
  4565 | D:5      | Entered Level 5 of the Dungeon
  4597 | D:4      | Slain by a worker ant

Illustrated notes

Levels and vault maps discovered:
D:1:      dpeg_arrival_round_a, layout_basic
D:2:      layout_basic, general_overflow_altar, uniq_sigmund
D:3:      layout_rooms, st_stairs_2, minmay_misc_feat_iff,
          serial_bayou_crossing, uniq_terence
D:4:      layout_rooms, serial_undead, serial_undead_e, serial_undead_b,
          serial_undead_b, serial_undead_a, uniq_menkaure
D:5:      layout_cave_pools, minmay_temple_entry_enclosed_plants

Skill      XL: |  1  2  3  4  5  6  7 |
---------------+----------------------+-----
Unarmed Combat | 4 5 6 |  6.0
Poison Magic   | 2 3 |  3.2
Dodging        | 3 |  3.2
Spellcasting   | 3 |  3.3
Transmutations | 3 |  3.5
Fighting       | |  1.5
Stealth        | |  0.8

Action                   |  1- 3 |  4- 6 |  7- 9 || total
-------------------------+-------+-------+-------++-------
Melee: Unarmed           |    72 |    80 |    67 ||   219
       Constrict         |    11 |    16 |    13 ||    40
       Tentacles         |     7 |     9 |     5 ||    21
       Punch             |     1 |     4 |     2 ||     7
 Cast: Spider Form       |     1 |     3 |     1 ||     5
  Use: Potion            |     2 |     3 |     1 ||     6
 Stab: Sleeping          |     3 |     3 |     2 ||     8
       Distracted        |       |     1 |       ||     1
Armor: Skin              |     6 |     2 |     4 ||    12
Dodge: Dodged            |    47 |    41 |    71 ||   159
